 Dungeon Crawl Stone Soup version 0.19.3-1-g3169bf9 (webtiles) character file.

1535 ChocoTaco the Slasher (level 8, -9/39 HPs)
             Began as a Vine Stalker Fighter on Jan 26, 2017.
             Was a Follower of Yredelemnul.
             Mangled by an orc warrior
             ... wielding a +0 battleaxe
              (16 damage)
             ... on level 7 of the Dungeon.
             The game lasted 00:08:16 (7318 turns).

ChocoTaco the Slasher (Vine Stalker Fighter)        Turns: 7318, Time: 00:08:17

Health: -9/39      AC: 12    Str: 21    XL:     8   Next: 86%
Magic:  0/14       EV:  3    Int:  8    God:    Yredelemnul [*.....]
Gold:   48         SH:  9    Dex: 18    Spells: 0 memorised, 7 levels left

rFire  . . .     SeeInvis .     b - +2 falchion (freeze)
rCold  . . .     Gourm    .     s - +0 plate armour
rNeg   . . .     Faith    .     c - +0 shield
rPois  .         Spirit   +     B - +0 helmet (curse)
rElec  .         Reflect  .     (no cloak)
rCorr  +         Harm     +     (no gloves)
MR     +....                    (no boots)
Stlth  ..........               G - amulet of harm
                                L - ring of resist corrosion
                                d - +4 ring of dexterity

@: drained
A: fangs 3, regeneration 1, magic shield, antimagic bite, no device heal 3, rot
immunity
a: Animate Remains, Renounce Religion


You were on level 7 of the Dungeon.
You worshipped Yredelemnul.
Yredelemnul was aware of your devotion.
You were hungry.

You visited 1 branch of the dungeon, and saw 7 of its levels.

You collected 288 gold pieces.
You spent 240 gold pieces at shops.

Inventory:

Hand Weapons
 a - a +0 long sword
 b - a +2 falchion of freezing (weapon)
 t - a +0 hand crossbow
Armour
 c - a +0 shield (worn)
 s - a +0 plate armour (worn)
 B - a cursed +0 helmet (worn)
Jewellery
 d - a +4 ring of dexterity (left hand)
 G - an amulet of harm (around neck)
 L - a ring of resist corrosion (right hand)
Wands
 z - a wand of confusion (42/48)
 C - a wand of heal wounds (1/9)
 I - a wand of flame (16/48)
Scrolls
 e - 9 scrolls of remove curse
 g - 4 scrolls of amnesia
 k - a scroll of teleportation
 m - 8 scrolls of identify
 u - 3 scrolls of magic mapping {unknown}
 v - a scroll of enchant armour {unknown}
 w - a scroll of noise {unknown}
 x - a scroll of random uselessness {unknown}
 E - a scroll of fear {unknown}
 H - a scroll of fog {unknown}
 J - a scroll of recharging {unknown}
 K - a scroll of enchant weapon
 N - a scroll of blinking {unknown}
Potions
 h - 4 potions of curing
 i - a potion of magic
 j - 4 potions of degeneration {unknown}
 l - 3 potions of brilliance {unknown}
 o - 3 potions of heal wounds {unknown}
 p - a potion of cure mutation {unknown}
 r - 2 potions of lignification {unknown}
 A - 2 potions of cancellation {unknown}
 M - a potion of might
Books
 y - a book of Callings

   Spells                             Type                      Level
   a - Summon Small Mammal            Summoning                    1
   b - Call Imp                       Summoning                    2
   c - Call Canine Familiar           Summoning                    3
   d - Summon Guardian Golem          Hexes/Summoning              3
   e - Summon Lightning Spire         Summoning/Air                4
   f - Summon Ice Beast               Ice/Summoning                4
Comestibles
 f - 7 bread rations
 n - a royal jelly
 q - 4 meat rations
 D - 2 slices of pizza
 F - 2 fruits


   Skills:
 - Level 2.6(2.3) Fighting
 + Level 7.7(7.3) Long Blades
 - Level 2.4(2.0) Armour
 - Level 2.6(2.3) Shields
 + Level 6.8(6.4) Invocations


You had 7 spell levels left.
You didn't know any spells.

Dungeon Overview and Level Annotations

Branches:
Dungeon (7/15)             Temple (0/1) D:5

Altars:
Fedhas
Hepliaklqana
Trog
Uskayaw
Yredelemnul

Shops:
D:5 *   D:6 ?

Annotations:
D:7 Prince Ribbit


Innate Abilities, Weirdness & Mutations

You have razor-sharp teeth.
Your natural rate of healing is unusually fast.
When hurt, damage is shared between your health and your magic reserves.
Your bite disrupts and absorbs the magic of your enemies.
Potions and wands cannot restore your health.
You are immune to rotting.


Message History

You are too injured to fight recklessly!
You are too injured to fight recklessly!
You are too injured to fight recklessly!
You are too injured to fight recklessly!
You are too injured to fight recklessly!
You closely miss the orc warrior. Your bite misses the orc warrior.
The orc warrior is heavily wounded.
You hear a croak.
You block the orc warrior's attack.
An orc and Prince Ribbit come into view.
Your plate armour prevents you from hitting the orc warrior.
The orc warrior is heavily wounded.
The orc warrior hits you with a battleaxe!
* * * LOW HITPOINT WARNING * * *
You slash the orc warrior! You freeze the orc warrior.
Your bite misses the orc warrior.
The orc warrior is almost dead.
The orc warrior hits you with a battleaxe!
You die...
Your body rises from the dead as a mindless zombie.

...... ###...... ..
#..^>.... ....
###.#..... ....###
##..........
...#...##..###......
...........## #.##.#
#...........###F#..#
#......<.##..@oo..#
###.......######.#.#
........## .##
##.......## #
..#........## .
..#.........# ..
..........#.#...
................
...........##...


You could see Prince Ribbit, an orc warrior and an orc.

Vanquished Creatures
  Sigmund (D:6)
  The ghost of ChocoTaco the Chopper, an amateur HOMo of Cheibriados (D:3)
  Eustachio (D:4)
  Edmund (D:4)
  An ice beast (D:5)
  2 ogres (D:6)
  A bullfrog (D:6)
  A howler monkey (D:5)
  A centaur zombie (D:5)
  A quasit (D:5)
  A hound (D:5)
  4 jellies
  2 worker ants
  2 orc wizards (D:6)
  Robin (D:4)
  A hound skeleton (D:3)
  13 gnolls
  5 adders
  3 oozes
  An adder zombie (D:6)
  A worm (D:3)
  4 leopard geckos
  10 orcs
  A ball python (D:2)
  5 bats (D:1)
  5 giant cockroaches
  17 goblins
  7 hobgoblins
  5 jackals
  A quokka (D:6)
  7 frilled lizards
  9 kobolds
  A leopard gecko zombie (D:7)
  A quokka skeleton (D:4)
  A quokka zombie (D:5)
  11 rats
130 creatures vanquished.

Notes
Turn   | Place    | Note
-------+----------+-------------------------------------------
     0 | D:1      | ChocoTaco the Vine Stalker Fighter began the quest for the Orb.
     0 | D:1      | Reached XP level 1. HP: 11/11 MP: 2/2
    24 | D:1      | Reached skill level 2 in Long Blades
    57 | D:1      | Reached XP level 2. HP: 13/16 MP: 3/3
   752 | D:1      | Reached skill level 3 in Long Blades
   960 | D:1      | Reached XP level 3. HP: 19/19 MP: 4/4
  1425 | D:2      | Gained mutation: Your natural rate of healing is unusually fast. [Vine Stalker growth]
  1425 | D:2      | Reached XP level 4. HP: 19/23 MP: 5/5
  1431 | D:2      | Reached skill level 4 in Long Blades
  1684 | D:2      | Found a hazy altar of Hepliaklqana.
  1687 | D:2      | Found a basalt altar of Yredelemnul.
  1690 | D:2      | Found a bloodstained altar of Trog.
  1696 | D:2      | Found a hide-covered altar of Uskayaw.
  1704 | D:2      | Became a worshipper of Yredelemnul the Dark
  1970 | D:2      | Reached XP level 5. HP: 12/27 MP: 4/6
  1972 | D:2      | Reached skill level 1 in Invocations
  2498 | D:3      | HP: 1/27 [gnoll/flail (2)]
  2782 | D:3      | Noticed ChocoTaco's ghost (amateur HOMo)
  2865 | D:3      | Killed ChocoTaco's ghost
  2865 | D:3      | Reached skill level 5 in Long Blades
  2865 | D:3      | Reached XP level 6. HP: 18/32 MP: 5/9
  3741 | D:3      | You fall through a shaft for 2 floors!
  3741 | D:5      | Entered Level 5 of the Dungeon
  3800 | D:5      | Reached XP level 7. HP: 15/35 MP: 7/10
  3981 | D:5      | Found a staircase to the Ecumenical Temple.
  4047 | D:5      | Found a blossoming altar of Fedhas.
  4106 | D:5      | Reached * piety under Yredelemnul
  4155 | D:5      | Found Kayst's Assorted Antiques.
  4176 | D:5      | Reached skill level 6 in Long Blades
  4209 | D:5      | Bought a scroll labeled YRGHUMACENA for 27 gold pieces
  4209 | D:5      | Bought a scroll labeled YGOGEN WALIG for 27 gold pieces
  4209 | D:5      | Bought a scroll labeled GUUN XIYLARI for 27 gold pieces
  4209 | D:5      | Bought a scroll labeled KUOWEC WOCI for 27 gold pieces
  4209 | D:5      | Bought a scroll labeled DOTOWU JUTICIA for 27 gold pieces
  4820 | D:4      | Noticed Edmund
  4838 | D:4      | Killed Edmund
  4838 | D:4      | Reached skill level 5 in Invocations
  5110 | D:4      | Gained mutation: You have razor-sharp teeth. [Vine Stalker growth]
  5110 | D:4      | Reached XP level 8. HP: 38/39 MP: 12/12
  5123 | D:4      | Noticed Robin
  5144 | D:4      | Killed Robin
  5377 | D:4      | Noticed Eustachio
  5399 | D:4      | Killed Eustachio
  6154 | D:6      | Reached skill level 7 in Long Blades
  6478 | D:6      | Noticed Sigmund
  6500 | D:6      | Killed Sigmund
  6846 | D:6      | Found Itrutoba's Magic Scroll Emporium.
  6852 | D:6      | Bought a scroll of enchant weapon for 105 gold pieces
  7317 | D:7      | Noticed Prince Ribbit
  7318 | D:7      | Mangled by an orc warrior

Skill      XL: |  1  2  3  4  5  6  7  8 |
---------------+-------------------------+-----
Long Blades    | 2 3 4 5 6 7 |  7.7
Invocations    | 2 3 5 6 |  6.8
Fighting       | |  2.6
Armour         | |  2.4
Shields        | |  2.6

Action                   |  1- 3 |  4- 6 |  7- 9 || total
-------------------------+-------+-------+-------++-------
Melee: Long sword        |    89 |   156 |   112 ||   357
       Bite              |    28 |    64 |    64 ||   156
       Falchion          |       |       |    71 ||    71
  Use: Potion            |       |     2 |       ||     2
       Scroll            |       |       |     4 ||     4
  Eat: Chunk             |     2 |     7 |    11 ||    20
Armor: Scale mail        |    40 |    53 |    16 ||   109
       Plate armour      |       |       |    94 ||    94
Dodge: Dodged            |    38 |    56 |    26 ||   120
Block: Shield            |    42 |    97 |    96 ||   235
       Rpst.: Long sword |    15 |    16 |     8 ||    39
